 Dungeon Crawl Stone Soup version 0.31.0-9-g3a7656b989 (webtiles) character file.

Game seed: 1132686450202874372

161 qw the Skirmisher (level 5, 0/29 HPs)
             Began as a Deep Elf Hunter on Feb 2, 2024.
             Succumbed to a scorpion's poison
             ... on level 4 of the Dungeon.
             The game lasted 00:00:10 (2459 turns).

qw the Skirmisher (Deep Elf Hunter)                 Turns: 2459, Time: 00:00:11

Health: 0/29       AC:  9    Str: 10    XL:     5   Next: 18%
Magic:  7/7        EV: 11    Int: 14    God:
Gold:   155        SH:  0    Dex: 18    Spells: 4/4 levels left

rFire   + . .        a - +0 shortbow
rCold   + . .        (shield currently unavailable)
rNeg    . . .        b - +0 ring mail
rPois   .            (no helmet)
rElec   .            k - scarf {rC+ rF+}
rCorr   .            f - +2 pair of gloves
SInv    .            h - +0 pair of boots
Will    .....        (no amulet)
Stlth   +            (no ring)
HPRegen 0.24/turn    (no ring)
MPRegen 0.10/turn

%: no passive effects
@: lethally poisoned (0 -> -4)
A: no striking features
a: no special abilities


You were on level 4 of the Dungeon.
You visited 1 branch of the dungeon, and saw 4 of its levels.

You collected 155 gold pieces.


   Skills:
 - Level 1.5 Fighting
 + Level 8.6 Ranged Weapons
 - Level 2.4 Dodging
 - Level 1.2 Stealth


You had 4 spell levels left.
You didn't know any spells.
Your spell library was empty.

Inventory:

Hand Weapons
 a - a +0 shortbow (weapon)
Armour
 b - a +0 ring mail (worn)
 e - a +0 cloak
 f - a +2 pair of gloves (worn)
 h - a +0 pair of boots (worn)
 k - a scarf of resistance (worn)
Scrolls
 n - a scroll of enchant weapon {unknown}
Potions
 c - a potion of mutation {unknown}
 d - a potion of might
 g - a potion of ambrosia {unknown}
 i - a potion of degeneration {unknown}
 j - a potion of attraction {unknown}
 l - a potion of berserk rage {unknown}
 m - a potion of haste {unknown}
 o - a potion of invisibility {unknown}

Dungeon Overview and Level Annotations

Branches:
Dungeon (4/15)
 Temple: D:4-7

Altars:
Sif Muna

Annotations:
D:1 2 transporters


Message History

You shoot an arrow.
The arrow hits the scorpion but does no damage.
The scorpion is moderately wounded.
The scorpion closely misses you.
You shoot an arrow. The arrow hits the scorpion.
The scorpion is moderately wounded.
The scorpion stings you.
You are poisoned.
The scorpion poisons you! The scorpion closely misses you.
You shoot an arrow. The arrow hits the scorpion.
The scorpion is heavily wounded.
You feel very sick. The scorpion stings you.
You are more poisoned.
The scorpion poisons you!
You shoot an arrow.
The arrow hits the scorpion but does no damage.
The scorpion is heavily wounded.
You feel very sick. The scorpion stings you.
You shoot an arrow. The arrow hits the scorpion.
The scorpion is heavily wounded.
You feel very sick. The scorpion misses you.
The scorpion stings you but does no damage.
You shoot an arrow.
The arrow hits the scorpion but does no damage.
The scorpion is heavily wounded.
You feel very sick.
The scorpion stings you but does no damage.
You shoot an arrow. The arrow barely misses the scorpion.
You feel very sick. The scorpion closely misses you.
You shoot an arrow. The arrow closely misses the scorpion.
You feel sick. The scorpion closely misses you.
The scorpion stings you but does no damage.
You shoot an arrow. The arrow closely misses the scorpion.
You feel sick. The scorpion barely misses you.
You shoot an arrow. The arrow barely misses the scorpion.
You die...

.#### ..# #.. .#
#.........#######.# .#
##.........#.......+ .#
#...... #.#####.# .##
#.....# #.# ..## #.....#
#.# ...##### #.....# #+#
.#.....## #..s..#
.#####.!# #..@..#
........# #...###
........######...######.#.
............##............
.......####.##....#####.##
.....### #..#....#
.....#######..###.#
..........###.###.###
.....................


You could see a scorpion.

Vanquished Creatures
  A jelly (D:4)
  A bombardier beetle (D:2)
  An adder (D:3)
  3 ribbon worms
  A dart slug (D:1)
  3 orcs (D:4)
  7 ball pythons
  5 bats
  3 endoplasms
  6 goblins
  6 hobgoblins
  6 jackals
  9 kobolds
  2 quokkas (D:1)
  4 frilled lizards
  5 rats
63 creatures vanquished.

Notes
Turn   | Place    | Note
-------+----------+-------------------------------------------
     0 | D:1      | qw the Deep Elf Hunter began the quest for the Orb.
     0 | D:1      | Reached XP level 1. HP: 12/12 MP: 3/3
     0 | D:1      | 0 ||| qw: Version: 0.3-a-155-g5e7d8dd
     0 | D:1      | 0 ||| qw: Game counter: 2041
     0 | D:1      | 0 ||| qw: Melee chars always use a shield: true
     0 | D:1      | 0 ||| qw: God list: Okawaru
     0 | D:1      | 0 ||| qw: Allow faded altars: false
     0 | D:1      | 0 ||| qw: Do Orc after clearing Dungeon:15 true
     0 | D:1      | 0 ||| qw: Do second Lair branch before Depths: true
     0 | D:1      | 0 ||| qw: Lair rune preference: random
     0 | D:1      | 0 ||| qw: Goals: Normal
     0 | D:1      | 0 ||| PLANNING D:1-11
    91 | D:1      | Reached skill level 6 in Ranged Weapons
    91 | D:1      | Reached XP level 2. HP: 16/16 MP: 4/4
   239 | D:1      | You fall into a shaft and drop 1 floor!
   358 | D:2      | Found a faded altar of an unknown god.
   399 | D:2      | Reached XP level 3. HP: 20/20 MP: 5/5
   454 | D:2      | Reached skill level 7 in Ranged Weapons
   617 | D:2      | 617 ||| UPGRADING to +0 pair of gloves.
   622 | D:2      | 622 ||| UPGRADING to +0 pair of boots.
   627 | D:2      | 627 ||| UPGRADING to scarf of resistance.
   632 | D:2      | 632 ||| READING 2 scrolls labelled SOLEOCZYWA.
   632 | D:2      | 632 ||| ENCHANTING +0 pair of gloves.
   633 | D:2      | 633 ||| READING scroll of enchant armour.
   633 | D:2      | 633 ||| ENCHANTING +1 pair of gloves.
   634 | D:2      | 634 ||| READING scroll labelled DUVOECV HIOP.
   642 | D:2      | Reached XP level 4. HP: 25/25 MP: 6/6
   658 | D:2      | 658 ||| READING 2 scrolls labelled DAYSIKHL MUEFF.
   658 | D:2      | 658 ||| IDENTIFYING fizzy puce potion
   659 | D:2      | 659 ||| READING scroll of identify.
   659 | D:2      | 659 ||| IDENTIFYING red potion
   660 | D:2      | 660 ||| DROPPING scroll of butterflies.
   661 | D:2      | 661 ||| DROPPING potion of brilliance.
   662 | D:2      | 662 ||| Stepping randomly (stuck).
   663 | D:2      | 663 ||| Stepping randomly (stuck).
   664 | D:2      | 664 ||| Stepping randomly (stuck).
   665 | D:2      | 665 ||| Stepping randomly (stuck).
   666 | D:2      | 666 ||| Stepping randomly (stuck).
   667 | D:2      | 667 ||| Stepping randomly (stuck).
   669 | D:2      | 669 ||| UPGRADING to +0 ring mail.
   679 | D:2      | 679 ||| DROPPING +0 leather armour.
   680 | D:2      | 680 ||| Stepping randomly (stuck).
   681 | D:2      | 681 ||| Stepping randomly (stuck).
   682 | D:2      | 682 ||| Stepping randomly (stuck).
   683 | D:2      | 683 ||| Stepping randomly (stuck).
   684 | D:2      | 684 ||| Stepping randomly (stuck).
   685 | D:2      | 685 ||| Stepping randomly (stuck).
   686 | D:2      | 686 ||| Stepping randomly (stuck).
   687 | D:2      | 687 ||| Stepping randomly (stuck).
   688 | D:2      | 688 ||| Stepping randomly (stuck).
   970 | D:1      | 970 ||| READING scroll labelled NOANIP ESOULA.
  1318 | D:2      | 1318 ||| READING scroll labelled FESUFF CEUSHIGG.
  1518 | D:3      | Found a shimmering blue altar of Sif Muna.
  1749 | D:3      | Reached skill level 8 in Ranged Weapons
  1981 | D:3      | 1981 ||| DRINKING 2 fuming puce potions.
  2015 | D:3      | 2015 ||| DROPPING potion of lignification.
  2126 | D:4      | 2126 ||| FLEEEEING.
  2127 | D:4      | 2127 ||| FLEEEEING.
  2128 | D:4      | 2128 ||| FLEEEEING.
  2129 | D:4      | 2129 ||| FLEEEEING.
  2130 | D:4      | 2130 ||| FLEEEEING.
  2131 | D:4      | 2131 ||| FLEEEEING.
  2132 | D:4      | 2132 ||| FLEEEEING.
  2133 | D:4      | 2133 ||| FLEEEEING.
  2134 | D:4      | 2134 ||| FLEEEEING.
  2135 | D:4      | 2135 ||| FLEEEEING.
  2136 | D:4      | 2136 ||| FLEEEEING.
  2137 | D:4      | 2137 ||| FLEEEEING.
  2138 | D:4      | 2138 ||| FLEEEEING.
  2139 | D:4      | 2139 ||| FLEEEEING.
  2140 | D:4      | 2140 ||| FLEEEEING.
  2232 | D:4      | Reached XP level 5. HP: 9/29 MP: 7/7
  2455 | D:4      | HP: 6/29 [poisoned by a scorpion]
  2457 | D:4      | HP: 1/29 [poisoned by a scorpion]
  2459 | D:4      | Succumbed to a scorpion's poison

Levels and vault maps discovered:
D:1:      spicycebolla_arrival_transporter_tutorial, layout_basic
D:2:      layout_basic, ebering_ecumenical_altar_mist,
          minmay_misc_feat_enclosed, grunt_decor_junction
D:3:      layout_basic, mainiacjoe_overflow_brackets
D:4:      layout_basic

Skill      XL: |  1  2  3  4 |
---------------+-------------+-----
Ranged Weapons | 6 7 8 |  8.6
Fighting       | |  1.5
Dodging        | |  2.4
Stealth        | |  1.2

Action                     |  1- 3 |  4- 6 || total
---------------------------+-------+-------++-------
   Fire: Shortbow          |    73 |   133 ||   206
    Use: Scroll            |     3 |     4 ||     7
         Potion            |       |     1 ||     1
 Armour: Leather armour    |     8 |    11 ||    19
         Ring mail         |       |    34 ||    34
  Dodge: Dodged            |    18 |    40 ||    58

Table legend:
 A = Non-vault XP
 B = Vault XP
 C = Vault XP percentage of total XP
 D = Non-vault monster count
 E = Vault monster count
 F = Vault count percentage of total count
                 A         B        C        D         E       F
            +---------+---------+-------+---------+---------+-------
      Total |     230 |       0 |   0.0 |      63 |       0 |   0.0
            +---------+---------+-------+---------+---------+-------
        D:1 |      45 |       0 |   0.0 |      25 |       0 |   0.0
        D:2 |      80 |       0 |   0.0 |      16 |       0 |   0.0
        D:3 |      31 |       0 |   0.0 |      13 |       0 |   0.0
        D:4 |      74 |       0 |   0.0 |       9 |       0 |   0.0
            +---------+---------+-------+---------+---------+-------
